 Seeded DCSS version 0.32-a0-791-gfc315c9ecd (webtiles) character file.

Game seed: 12094199788808028079 (custom seed)

168 porpoise the Poker (level 5, 41/41 HPs)
             Began as a Demonspawn Gladiator on Mar 21, 2024.
             Quit the game on level 4 of the Dungeon.
             The game lasted 00:05:55 (2805 turns).

porpoise the Poker (Demonspawn Gladiator)           Turns: 2805, Time: 00:05:56

Health: 41/41      AC:  8    Str: 16    XL:     5   Next: 23%
Magic:  5/5        EV: 11    Int: 15    God:
Gold:   119        SH:  0    Dex: 16    Spells: 4/4 levels left

rFire   + + .        a - +0 trident
rCold   + . .        (no shield)
rNeg    + . .        y - +2 leather armour {rC+}
rPois   +            f - +0 helmet
rElec   .            (no cloak)
rCorr   .            (no gloves)
SInv    .            (no boots)
Will    .....        (no amulet)
Stlth   +            c - ring of Elitism {rPois rF++ Int+6 Dex+2}
HPRegen 0.26/turn    w - ring of positive energy
MPRegen 0.09/turn

%: no passive effects
@: no status effects
A: yellow scales 1, foul stench 1, spiny 1
a: no special abilities


You were on level 4 of the Dungeon.
You visited 1 branch of the dungeon, and saw 4 of its levels.

You collected 119 gold pieces.

Inventory:

Hand Weapons
 a - a +0 trident (weapon)
Missiles
 d - 3 throwing nets (quivered)
 e - a javelin
 p - 10 poisoned darts
Armour
 f - a +0 helmet (worn)
 y - a +2 leather armour of cold resistance (worn)
Jewellery
 c - the ring of Elitism (left hand) {rPois rF++ Int+6 Dex+2}
   (You acquired it on level 1 of the Dungeon)

   [ring of intelligence]

   Int+6:     It affects your intelligence (+6).
   Dex+2:     It affects your dexterity (+2).
   rF++:      It greatly protects you from fire.
   rPois:     It protects you from poison.
 w - a ring of positive energy (right hand)
Scrolls
 l - a scroll of vulnerability {unknown}
 m - a scroll of fear
 n - a scroll of brand weapon {unknown}
 o - a scroll of fog {unknown}
 t - a scroll of teleportation {unknown}
 v - a scroll of revelation {unknown}
 x - a scroll of poison {unknown}
Potions
 g - 2 potions of curing
 h - 2 potions of heal wounds
 i - a potion of might {unknown}
 j - a potion of mutation {unknown}
 k - a potion of attraction {unknown}
 q - 3 potions of enlightenment {unknown}
 s - a potion of invisibility {unknown}
 u - a potion of resistance {unknown}
 z - a potion of lignification {unknown}


   Skills:
 + Level 3.5 Fighting
 * Level 4.7 Polearms
 - Level 1.7 Throwing
 - Level 2.6 Dodging


You had 4 spell levels left.
You didn't know any spells.
Your spell library contained the following spells:

 Spells                   Type           Power      Damage    Failure   Level
 Blink                    Tloc           0%         N/A       45%         2
 Lesser Beckoning         Tloc           0%         N/A       45%         2
 Momentum Strike          Conj/Tloc      0%         3d8       45%         2


Dungeon Overview and Level Annotations

Branches:
Dungeon (4/15)
 Temple: D:4-7

Altars:
Fedhas


Innate Abilities, Weirdness & Mutations

You are partially covered in yellow scales. (AC +2)
You may rarely emit foul miasma when damaged in melee.
You are partially covered in sharp spines.


Message History

There is a large open door here.
There is an open door here.
Things that are here:
a +0 halberd; a frilled lizard skeleton
There is a stone staircase leading down here.
You see here a beast talisman.
You see here a rat skeleton.
Things that are here:
a +0 club; a goblin skeleton You see here a +0 club.
There is a stone staircase leading down here.
Things that are here:
a +0 halberd; a frilled lizard skeleton
There is an open door here.
There is a large open door here.
You enter the shallow water.
Moving in this stuff is going to be slow.
Done exploring.
Done exploring.
You enter the shallow water.
Moving in this stuff is going to be slow.
There is a large open door here.
There is an open door here.
Things that are here:
a +0 halberd; a frilled lizard skeleton
There is a stone staircase leading down here.
You climb downwards.
Found 10 gold pieces.
There is a stone staircase leading up here.
As you read the scroll labelled MORACH SAWE, it crumbles to dust.
It is a scroll of identify.
g - 2 potions of curing
As you read the scroll of identify, it crumbles to dust.
h - 2 potions of heal wounds
Okay, then.
Unknown command.
Welcome back, porpoise the Demonspawn Gladiator.
Game seed: 12094199788808028079 (custom seed) Press ? for a list of commands and other information.
Are you sure you want to abandon this character and quit the game? (Confirm with "yes".)

#..# ...
#.. ##+
...
....###.##
.........
........#
.......@+
#.......#
#.......#
#...$...#
#.......#
#.......#
#.......#
.........


There were no monsters in sight!

Vanquished Creatures
  6 gnolls
  4 adders (D:3)
  2 dart slugs (D:3)
  3 ribbon worms
  5 endoplasms
  3 giant cockroaches
  4 goblins
  7 hobgoblins
  2 quokkas
  7 ball pythons
  4 bats
  4 frilled lizards
  10 kobolds
  5 rats
66 creatures vanquished.

Notes
Turn   | Place    | Note
-------+----------+-------------------------------------------
     0 | D:1      | porpoise the Demonspawn Gladiator began the quest for the
                  | Orb.
     0 | D:1      | Reached XP level 1. HP: 16/16 MP: 1/1
     9 | D:1      | Identified a scroll of acquirement
     9 | D:1      | Acquired the ring of Elitism {rPois rF++ Int+6 Dex+2}
   140 | D:1      | Reached skill level 3 in Polearms
   170 | D:1      | Gained mutation: You are partially covered in yellow
                  | scales. (AC +2) [demonic ancestry]
   170 | D:1      | Reached XP level 2. HP: 19/22 MP: 2/2
   703 | D:2      | Reached XP level 3. HP: 21/28 MP: 3/3
  1250 | D:2      | Reached skill level 4 in Polearms
  1250 | D:2      | Gained mutation: You are partially covered in sharp spines.
                  | [demonic ancestry]
  1250 | D:2      | Reached XP level 4. HP: 14/35 MP: 4/4
  1936 | D:3      | Found Dakhes's Book Boutique.
  2068 | D:3      | Gained mutation: You may rarely emit foul miasma when
                  | damaged in melee. [demonic ancestry]
  2068 | D:3      | Reached XP level 5. HP: 40/41 MP: 5/5
  2120 | D:3      | Found a blossoming altar of Fedhas.
  2805 | D:4      | Quit the game

Illustrated notes

Levels and vault maps discovered:
D:1:      wander_arrival_desolate, layout_rooms, supply_closet_lemuel,
          minmay_split_cup_small
D:2:      layout_loops_corners
D:3:      wad_lake_hut, layout_loops_ring, fedhas_altar_4, serial_shops,
          nicolae_lakefront_shop, nicolae_figureground_sparkle
D:4:      layout_basic, minmay_temple_entry_mini_moons, uniq_duvessa, uniq_robin

Skill      XL: |  1  2  3 |
---------------+----------+-----
Polearms       | 3 4 |  4.7
Fighting       | 3 |  3.5
Throwing       | |  1.7
Dodging        | |  2.6

Action                     |  1- 3 |  4- 6 || total
---------------------------+-------+-------++-------
  Melee: Trident           |   146 |    63 ||   209
    Use: Scroll            |     1 |     3 ||     4
   Stab: Sleeping          |       |     1 ||     1
 Armour: Leather armour    |    69 |    27 ||    96
  Dodge: Dodged            |    70 |    25 ||    95

Table legend: (Time is in decaauts)
 A = Elapsed time spent in this place.
 B = Non-inter-level travel time spent in this place.
 C = Inter-level travel time spent in this place.
 D = Time resting spent in this place.
 E = Time spent auto-exploring this place.
 F = Levels seen in this place.
 G = Mean time per level.
                   A        B        C        D        E       F      G
               +--------+--------+--------+--------+--------+-----+--------+
         Total |   2881 |   2779 |    102 |    209 |   2100 |   4 |  720.2 |
       Dungeon |   2881 |   2779 |    102 |    209 |   2100 |   4 |  720.2 |
               +--------+--------+--------+--------+--------+-----+--------+

Top non-repeatable levels by time:
     D:3: 1218 daAuts
     D:2: 1016 daAuts
     D:1: 643 daAuts
     D:4: 2 daAuts
